Map: Dusk Towers

Players

Miszu - Winner!

  • Race: Terran Terran
  • League: Grandmaster

AnDǂMagicas

  • Race: Terran Terran
  • League: Master

VOD

Have the link to the VOD?

Description

Time

  • Played on: May 19, 2016, 11:08 a.m.
  • Length: 12:41
Show
View Real Time Build Order
Export as new Build Order

Miszu Terran - Winner!

Build Orders: Bio Tank, Banshee Rush 

Get SALT Encoding   

  12  0:01  SCV  
  13  0:13  SCV  
  14  0:18  Supply Depot  
  14  0:25  SCV  
  15  0:39  SCV  
  16  0:42  Barracks  
  16  0:46  Refinery  
  16  0:51  SCV  
  17  1:03  SCV  
  18  1:16  SCV  
  19  1:29  Orbital Command  
  19  1:35  Barracks Reactor  
  19  1:40  Command Center  
  19  1:49  Supply Depot  
  19  1:55  SCV  
  20  2:09  Factory, SCV  
  20  2:13  Refinery  
  21  2:15  Marine  
  21  2:16  Marine  
  21  2:21  SCV  
  24  2:33  Marine x2  
  25  2:37  Supply Depot  
  24  2:46  SCV  
  24  2:52  Marine x2  
  26  2:59  SCV  
  26  3:04  Starport, Factory Tech Lab  
  27  3:11  SCV  
  28  3:22  Orbital Command  
  28  3:23  SCV  
  29  3:30  Marine, Factory Tech Lab  
  29  3:31  Marine  
  31  3:35  SCV  
  32  3:47  SCV  
  33  3:48  SCV  
  33  3:49  Cloaking Field  
  33  3:52  Banshee  
  37  3:59  SCV  
  37  4:00  SCV  
  39  4:11  SCV  
  39  4:12  SCV  
  41  4:24  SCV  
  42  4:25  SCV  
  42  4:29  Command Center  
  42  4:30  Siege Tank  
  46  4:35  Supply Depot  
  46  4:36  SCV, Banshee  
  46  4:37  SCV  
  51  4:48  SCV  
  51  4:49  SCV  
  51  4:50  Barracks x2  
  47  5:02  SCV x2  
  49  5:11  Siege Tank  
  49  5:14  SCV x2  
  53  5:16  Supply Depot  
  54  5:26  SCV x2  
  56  5:36  Refinery  
  56  5:37  Refinery  
  56  5:38  SCV x2  
  58  5:44  Barracks Tech Lab  
  58  5:45  Barracks Tech Lab  
  58  5:46  Orbital Command  
  58  5:47  Siege Tank  
  58  5:50  SCV x2  
  58  5:55  Starport Reactor  
  60  6:02  Engineering Bay, SCV x2  
  60  6:03  Engineering Bay  
  62  6:13  Marine  
  62  6:14  Marine, SCV  
  62  6:15  Marine x2, Stimpack  
  64  6:19  Combat Shields  
  64  6:22  Siege Tank  
  64  6:25  SCV  
  68  6:26  SCV  
  68  6:31  Marine x2  
  68  6:32  Marine  
  70  6:41  Marine  
  70  6:42  Terran Infantry Armor Level 1  
  70  6:43  Terran Infantry Weapons Level 1, Missile Turret  
  70  6:44  Missile Turret  
  70  6:45  Medivac  
  73  6:48  SCV  
  73  6:53  SCV  
  75  6:59  Orbital Command  
  75  7:00  SCV  
  73  7:04  Medivac  
  73  7:05  SCV  
  76  7:10  Barracks  
  76  7:12  Supply Depot, Barracks, SCV  
  76  7:14  Supply Depot  
  76  7:15  Medivac  
  79  7:18  SCV  
  80  7:24  SCV  
  80  7:25  SCV  
  82  7:30  SCV  
  82  7:34  Marine x2, Medivac, Missile Turret  
  82  7:36  SCV  
  88  7:37  SCV, Missile Turret  
  88  7:39  Armory  
  88  7:42  SCV  
  90  7:46  Supply Depot  
  90  7:47  Supply Depot  
  90  7:48  SCV  
  90  7:49  Medivac, SCV  
  90  7:50  Siege Tank  
  97  7:54  SCV  
  98  8:00  SCV  
  98  8:01  SCV  
  99  8:06  SCV  
  99  8:08  Supply Depot  
  99  8:09  Barracks Reactor  
  99  8:10  Barracks Reactor  
  101  8:12  SCV  
  101  8:13  Supply Depot, SCV  
  101  8:14  Marine x3  
  105  8:20  Refinery x2  
  105  8:21  Supply Depot  
  105  8:22  Supply Depot  
  105  8:24  Siege Tank  
  105  8:25  Factory  
  108  8:28  Marine  
  108  8:31  Marine  
  108  8:32  Marine x2, SCV  
  113  8:43  SCV  
  113  8:44  Supply Depot  
  113  8:46  Marine, SCV x2  
  113  8:47  Terran Infantry Armor Level 2, Terran Infantry Weapons Level 2  
  113  8:48  Supply Depot  
  117  8:49  Medivac  
  117  8:54  Terran Vehicle Weapons Level 1  
  119  8:58  Missile Turret  
  119  9:03  Marine  
  119  9:06  Marine x3  
  119  9:07  Medivac, Siege Tank  
  127  9:10  Supply Depot, Factory Tech Lab  
  126  9:18  Marine x4  
  126  9:20  Marine  
  126  9:24  Marine  
  131  9:26  Command Center  
  131  9:35  Marine x2  
  131  9:36  Medivac, Siege Tank  
  131  9:38  Supply Depot  
  138  9:39  Siege Tank  
  138  9:40  Supply Depot  
  138  9:42  Supply Depot  
  140  9:51  Medivac  
  142  10:06  Medivac  
  144  10:08  Siege Tank  
  144  10:11  Marine x2  
  144  10:12  Siege Tank  
  151  10:20  Marine  
  151  10:21  Marine x5, Medivac  
  157  10:29  Marine x2  
  159  10:36  Medivac  
  159  10:38  Marine  
  159  10:39  Marine x3  
  159  10:40  Siege Tank  
  157  10:44  Marine  
  157  10:48  Marine  
  157  10:49  Marine x2  
  156  10:53  Medivac, Siege Tank  
  156  10:56  Marine  
  156  10:57  Marine x3  
  162  11:02  Marine  
  166  11:06  Marine, Medivac  
  166  11:07  Marine x2  
  171  11:12  Siege Tank  
  171  11:14  Barracks  
  171  11:15  Barracks  
  171  11:16  Barracks  
  174  11:23  Medivac  
  174  11:24  Sensor Tower  
  174  11:25  Siege Tank  
  176  11:44  Siege Tank  
  169  11:49  Medivac  
  173  11:57  Siege Tank  
  176  12:07  Marine  
  174  12:10  Marine  
  175  12:20  Refinery  
  175  12:21  Marine x2  
  175  12:22  Marine x6  
  186  12:30  Refinery  
Show
View Real Time Build Order
Export as new Build Order

AnDǂMagicas Terran 

Build Orders: Reaper Expand, Bio Tank 

Get SALT Encoding   

  12  0:00  SCV  
  13  0:12  SCV  
  14  0:17  Supply Depot  
  14  0:24  SCV  
  15  0:39  Barracks, SCV  
  16  0:44  Refinery  
  16  0:51  SCV  
  17  1:03  SCV  
  18  1:16  SCV  
  19  1:29  Reaper, Orbital Command  
  20  1:44  Command Center  
  20  1:54  SCV  
  20  1:58  Supply Depot  
  21  2:07  Marine  
  21  2:08  SCV  
  23  2:15  Factory  
  22  2:20  SCV  
  22  2:22  Refinery  
  23  2:25  Marine  
  24  2:32  SCV  
  26  2:47  SCV  
  26  2:54  Barracks Reactor  
  26  2:56  Orbital Command  
  25  2:59  Starport, Widow Mine  
  25  3:00  SCV  
  28  3:12  SCV  
  29  3:23  SCV  
  29  3:24  SCV  
  31  3:29  Factory Tech Lab  
  31  3:31  Marine x2  
  33  3:35  Supply Depot, SCV  
  33  3:36  Medivac  
  36  3:41  SCV  
  36  3:47  SCV  
  36  3:48  Command Center  
  38  3:50  Marine  
  38  3:51  Marine  
  40  3:57  Siege Tank  
  40  3:58  SCV  
  40  4:02  SCV  
  45  4:09  Supply Depot  
  45  4:11  Viking  
  45  4:13  Marine  
  45  4:15  SCV  
  45  4:16  SCV  
  50  4:25  Marine  
  50  4:27  SCV  
  50  4:28  SCV  
  50  4:30  Siege Tank  
  56  4:35  Marine  
  57  4:39  SCV  
  57  4:40  SCV  
  57  4:43  Marine  
  57  4:45  Viking  
  62  4:46  Barracks  
  62  4:59  Marine  
  63  5:01  Marine  
  63  5:05  Siege Tank, SCV  
  63  5:06  Orbital Command  
  68  5:07  SCV  
  68  5:11  Supply Depot  
  68  5:12  Barracks  
  69  5:17  Marine  
  69  5:19  Starport Reactor  
  71  5:21  SCV  
  71  5:26  Engineering Bay  
  71  5:28  Engineering Bay  
  69  5:35  Marine  
  67  5:44  SCV x3  
  67  5:47  Barracks Tech Lab  
  70  5:53  Marine  
  70  5:54  Siege Tank  
  70  5:56  SCV, Missile Turret  
  75  5:57  Missile Turret  
  75  5:59  SCV  
  75  6:00  Barracks Tech Lab  
  75  6:03  SCV  
  77  6:05  Missile Turret  
  77  6:06  Stimpack  
  77  6:08  SCV  
  77  6:11  SCV  
  77  6:14  Marine  
  77  6:17  Marine  
  78  6:21  Supply Depot  
  78  6:22  Supply Depot, SCV x2  
  78  6:25  Refinery x2  
  80  6:27  Combat Shields  
  80  6:39  Viking, Marine  
  80  6:40  SCV  
  80  6:41  SCV  
  80  6:42  SCV  
  80  6:46  Marine  
  84  6:49  Missile Turret  
  84  6:52  Marine  
  84  6:53  Medivac  
  87  6:54  SCV  
  87  6:58  Marine  
  87  6:59  SCV  
  90  7:05  Orbital Command  
  90  7:06  SCV  
  90  7:08  Marine  
  92  7:11  SCV  
  92  7:14  Marine  
  92  7:15  Terran Infantry Weapons Level 1  
  94  7:16  Terran Infantry Armor Level 1  
  94  7:18  SCV  
  93  7:26  SCV  
  93  7:27  Missile Turret  
  94  7:30  SCV  
  94  7:32  Marine, Medivac  
  94  7:36  Supply Depot, SCV  
  94  7:37  Supply Depot  
  99  7:40  SCV  
  99  7:42  Refinery  
  100  7:45  SCV  
  100  7:48  Supply Depot, Marine, Medivac  
  99  7:54  SCV  
  99  7:55  SCV  
  99  7:56  Armory  
  99  7:58  Marine  
  102  8:00  SCV  
  102  8:04  Concussive Shells  
  103  8:06  SCV  
  103  8:07  SCV  
  103  8:11  Marine x3  
  108  8:13  Sensor Tower, SCV, Missile Turret  
  108  8:16  Marine, Refinery  
  108  8:18  SCV  
  108  8:19  SCV  
  112  8:23  Siege Tank  
  112  8:25  SCV  
  116  8:28  Marine  
  116  8:30  SCV  
  116  8:31  SCV  
  119  8:34  Barracks  
  119  8:36  Marine x3  
  119  8:37  Barracks  
  122  8:43  Missile Turret  
  122  8:46  Marine  
  123  8:52  Command Center  
  123  8:53  Marine  
  123  8:54  Marine  
  123  8:55  Supply Depot, Factory  
  125  8:56  Supply Depot, Terran Vehicle Weapons Level 1  
  125  8:57  Marine, SCV  
  125  8:58  SCV  
  125  8:59  Supply Depot  
  128  9:03  Medivac  
  128  9:04  Marine, Medivac  
  128  9:06  Missile Turret  
  133  9:12  Barracks  
  133  9:13  Barracks  
  133  9:16  Marine, SCV x2, Terran Infantry Weapons Level 2  
  133  9:17  Terran Infantry Armor Level 2  
  136  9:19  Supply Depot  
  136  9:22  Supply Depot, Barracks Reactor  
  136  9:27  Barracks Reactor  
  136  9:28  Marine  
  136  9:29  Marauder  
  139  9:32  SCV x2  
  139  9:33  Marine, SCV  
  139  9:34  Marine  
  144  9:40  Factory Tech Lab  
  144  9:44  Medivac x2  
  147  9:45  Marine  
  147  9:47  Missile Turret  
  147  9:50  Marine  
  147  9:51  Marine  
  147  9:52  Marine, Barracks  
  151  9:54  Supply Depot  
  151  9:58  Missile Turret  
  151  10:04  Marine  
  151  10:05  Siege Tank  
  153  10:24  Marine x7  
  153  10:27  Barracks Reactor, Barracks  
  153  10:28  Barracks Reactor  
  160  10:29  Barracks  
  160  10:31  Siege Tank  
  160  10:33  Marine  
  164  10:37  Siege Tank  
  140  10:43  Marine  
  140  10:47  Marine  
  112  10:51  Planetary Fortress  
  112  10:54  Marine x5  
  112  10:55  Barracks Reactor  
  117  11:03  Siege Tank  
  120  11:08  Marine x4  
  120  11:09  Refinery, Siege Tank  
  127  11:11  Refinery  
  127  11:16  Barracks Reactor x2  
  127  11:17  Missile Turret  
  127  11:25  Factory  
  127  11:26  Marine x4  
  127  11:30  Marine x7  
  127  11:32  Liberator x2  
  137  11:36  Siege Tank  
  137  11:41  Siege Tank  
  137  11:43  Marine  
  137  11:44  Marine  
  119  11:48  Marine  
  119  11:51  Marine  
  126  12:02  Marine  
  126  12:04  Marine  
  126  12:06  Marine x4  
  126  12:07  Marine x2  
  126  12:08  Siege Tank  
  126  12:12  Marine  
  126  12:13  Marine  
  128  12:15  Marine  
Tags
 
Add a new tag
Caveats
  • Supply blocks, unpowered buildings, or Contaminate may cause inaccurate times.
  • Supply counts are checked every 10 seconds.